 Dungeon Crawl Stone Soup version 0.24.0-123-gd5b16e6ec5 (webtiles) character file.

Game seed: 6325823577656984945, levelgen mode: deterministic

142 FishyPogo the Skirmisher (level 5, 0/46 HPs)
             Began as a Draconian Skald on Dec 27, 2019.
             Succumbed to Crazy Yiuf's poison
             ... on level 4 of the Dungeon.
             The game lasted 00:09:43 (2523 turns).

FishyPogo the Skirmisher (Draconian Skald)          Turns: 2523, Time: 00:09:44

Health: 0/46       AC:  8    Str: 15    XL:     5   Next: 4%
Magic:  1/8        EV: 13    Int: 13    God:
Gold:   168        SH:  0    Dex: 10    Spells: 3/9 levels left

rFire    + . .     SeeInvis .   a - +0 falchion
rCold    . . .     Gourm    .   (no shield)
rNeg     . . .     Faith    .   (armour unavailable)
rPois    .         Spirit   .   (helmet restricted)
rElec    .         Reflect  .   (no cloak)
rCorr    +         Harm     .   (no gloves)
MR       .....                  o - +2 pair of boots
Stlth    +.........             r - amulet of rage
HPRegen  0.15/turn              h - ring of resist corrosion
MPRegen  0.11/turn              j - ring of protection from fire

@: lethally poisoned (0 -> -5), infused
A: unfitting armour, cold-blooded, AC +5
a: Evoke Berserk Rage


You were on level 4 of the Dungeon.
You were not hungry.

You visited 1 branch of the dungeon, and saw 4 of its levels.

You collected 168 gold pieces.

Inventory:

Hand Weapons
 a - a +0 falchion (weapon)
Missiles
 b - 58 stones (quivered)
 q - 7 poisoned darts
Armour
 o - a +2 pair of boots (worn)
Jewellery
 h - a ring of resist corrosion (left hand)
 j - a ring of protection from fire (right hand)
 n - an uncursed ring of flight
 r - an amulet of rage (around neck)
 v - an uncursed ring of fire
Wands
 l - a wand of iceblast (7)
Scrolls
 e - 9 scrolls of identify {unknown}
 g - 2 scrolls of enchant weapon {unknown}
 i - a scroll of random uselessness {unknown}
 k - 2 scrolls of teleportation {unknown}
Potions
 d - 4 potions of heal wounds {unknown}
 f - a potion of ambrosia {unknown}
 m - 2 potions of cancellation {unknown}
 p - a potion of curing {unknown}
 t - a potion of haste
 u - a potion of mutation {unknown}
Comestibles
 c - 5 rations
 s - 8 chunks of flesh


   Skills:
 * Level 3.7 Fighting
 + Level 2.6 Long Blades
 * Level 3.2 Dodging
 + Level 2.5 Spellcasting
 - Level 3.0 Charms


You had 3 spell levels left.
You knew the following spells:

 Your Spells              Type           Power        Failure   Level  Hunger
h - Regeneration          Chrm/Necr      #.........   36%         3    ###....
p - Shroud of Golubria    Chrm/Tloc      #.....       21%         2    ###....
y - Infusion              Chrm           #...         7%          1    #......

Your spell library contained the following spells:

 Spells                   Type           Power        Failure   Level  Hunger
 Song of Slaying          Chrm           #.......     11%         2    ###....
 Spectral Weapon          Hex/Chrm       #.......     36%         3    ###....


Dungeon Overview and Level Annotations

Branches:
Dungeon (4/15)
 Temple: D:4-7

Altars:
Fedhas

Annotations:
D:4 Crazy Yiuf


Innate Abilities, Weirdness & Mutations

Your plain brown scales are hard. (AC +5)
You cannot fit into any form of body armour.
You are cold-blooded and may be slowed by cold attacks.


Message History

Crazy Yiuf burns you.
Crazy Yiuf hits you with a +4 quarterstaff of chaos!
* * * LOW HITPOINT WARNING * * *
You are poisoned.
You closely miss Crazy Yiuf.
Crazy Yiuf is moderately wounded.
* * * LOW HITPOINT WARNING * * *
You feel sick.
Crazy Yiuf hits you with a +4 quarterstaff of chaos.
* * * LOW HITPOINT WARNING * * *
You feel your power leaking away.
You hit Crazy Yiuf.
You tail-slap Crazy Yiuf, but do no damage.
Crazy Yiuf is moderately wounded.
* * * LOW HITPOINT WARNING * * *
You feel sick. Crazy Yiuf completely misses you.
Unknown command.
You hit Crazy Yiuf.
Crazy Yiuf is heavily wounded.
You die...

## ## #.# #.#.###
♣♣♣♣♣###.#..### ###
♣♣♣.♣.....#.#.#..
#...#♣..♣.......#..#.#
#...g@♣♣♣♣.......#.#.#
#)..#♣♣ ♣♣.....#.÷..#
### ♣♣##.#.#..##
##.#.#.# #.#.#..#
##.#...# #.# #.... #.#
.#.## .# #...


You could see Crazy Yiuf.

Vanquished Creatures
  An orc wizard (D:3)
  Jessica (D:2)
  3 adders
  A shadow imp (D:3)
  2 oozes
  2 worms (D:3)
  A dart slug (D:3)
  A leopard gecko (D:3)
  2 orcs (D:3)
  A giant cockroach (D:3)
  4 hobgoblins (D:3)
  3 jackals (D:3)
  A quokka (D:3)
  A ball python (D:1)
  4 bats
  A frilled lizard (D:1)
  5 goblins
  2 rats
36 creatures vanquished.

Notes
Turn   | Place    | Note
-------+----------+-------------------------------------------
     0 | D:1      | FishyPogo the Draconian Skald began the quest for the Orb.
     0 | D:1      | Reached XP level 1. HP: 17/17 MP: 3/3
   771 | D:2      | Found a blossoming altar of Fedhas.
   792 | D:2      | Reached XP level 2. HP: 16/25 MP: 0/5
   809 | D:2      | Noticed Jessica
   824 | D:2      | Killed Jessica
   824 | D:2      | Reached XP level 3. HP: 10/31 MP: 0/6
   829 | D:2      | Learned a level 3 spell: Regeneration
   832 | D:2      | Learned a level 2 spell: Shroud of Golubria
  1467 | D:3      | Reached XP level 4. HP: 30/38 MP: 3/7
  2497 | D:4      | Reached XP level 5. HP: 46/46 MP: 4/8
  2511 | D:4      | Found a runed translucent door.
  2512 | D:4      | Noticed Crazy Yiuf
  2521 | D:4      | HP: 2/46 [Crazy Yiuf/+4 quarterstaff of chaos (5)]
  2523 | D:4      | Succumbed to Crazy Yiuf's poison

Levels and vault maps discovered:
D:1:      dpeg_arrival_tiny_g, layout_basic
D:2:      layout_loops_ring, fedhas_ov_isle_minmay, uniq_jessica
D:3:      layout_basic
D:4:      layout_basic, overflow_temple_1_default, uniq_crazy_yiuf_cottage

Skill      XL: |  1  2  3 |
---------------+----------+-----
Fighting       | 3 |  3.7
Charms         | 3 |  3.0
Dodging        | 3 |  3.2
Long Blades    | |  2.6
Spellcasting   | |  2.5

Action                   |  1- 3 |  4- 6 || total
-------------------------+-------+-------++-------
Melee: Falchion          |    56 |    84 ||   140
       Tailslap          |     9 |    11 ||    20
Throw: Stone             |       |     1 ||     1
 Cast: Infusion          |    14 |     5 ||    19
       Shroud of Golubri |       |     5 ||     5
 Abil: Evoke Berserk Rag |     1 |       ||     1
 Stab: Distracted        |       |     1 ||     1
  Eat: Chunk             |     2 |     5 ||     7
Armor: Skin              |    19 |    27 ||    46
Dodge: Dodged            |    44 |    49 ||    93
       Rpst.: Falchion   |    13 |    13 ||    26
